 Dungeon Crawl Stone Soup version 0.20.1-1-g8b1a95d66d (webtiles) character file.

2173 NullDivider the Covert (level 9, -15/60 HPs)
             Began as an Octopode Artificer on Nov 24, 2017.
             Was an Initiate of Nemelex Xobeh.
             Demolished by a two-headed ogre
             ... wielding a +0 dire flail
              (25 damage)
             ... on level 8 of the Dungeon.
             The game lasted 00:45:23 (10126 turns).

NullDivider the Covert (Octopode Artificer)        Turns: 10126, Time: 00:45:23

Health: -15/60     AC:  1    Str: 11    XL:     9   Next: 32%
Magic:  13/13      EV: 16    Int: 14    God:    Nemelex Xobeh [......]
Gold:   171        SH:  0    Dex: 15    Spells: 8/8 levels left

rFire    . . .     SeeInvis +   w - +3 dagger (venom)
rCold    . . .     Gourm    .   (no shield)
rNeg     . . .     Faith    .   (helmet restricted)
rPois    .         Spirit   .   (no amulet)
rElec    .         Reflect  .   u - ring of see invisible
rCorr    .         Harm     .   (no ring)
MR       .....                  (no ring)
Stlth    +++++.....             (no ring)
Regen    0.2/turn               (no ring)
MPRegen  0.2/turn               (no ring)
                                (no ring)
                                (no ring)

@: no status effects
A: almost no armour, stealthy swim, amphibious, 8 rings, constrict 8, camouflage
1, gelatinous body 1
a: Renounce Religion


You were on level 8 of the Dungeon.
You worshipped Nemelex Xobeh.
Nemelex Xobeh was noncommittal.
You were hungry.

You visited 2 branches of the dungeon, and saw 9 of its levels.
You also visited: Sewer.

You collected 171 gold pieces.

Inventory:

Hand Weapons
 w - a +3 dagger of venom (weapon)
Jewellery
 u - a ring of see invisible (left tentacle)
Wands
 b - a wand of flame (0/48)
 c - a wand of enslavement (12/24)
 d - a wand of random effects (15/48)
 j - a wand of disintegration (5/24)
 t - a wand of random effects (19/48)
 A - a wand of lightning (1/15)
Scrolls
 h - 2 scrolls of amnesia
 i - a scroll of magic mapping
 n - 4 scrolls of teleportation
 o - 2 scrolls of identify
 s - 3 scrolls of remove curse
 B - a scroll of noise {unknown}
 D - a scroll of fog
Potions
 e - 5 potions of mutation
 g - 2 potions of heal wounds {unknown}
 l - 5 potions of flight
 p - 6 potions of curing
 q - a potion of resistance {unknown}
 v - 2 potions of cancellation {unknown}
 z - a potion of lignification {unknown}
 C - a potion of invisibility {unknown}
 E - a potion of haste {unknown}
 F - a potion of might {unknown}
Books
 a - a book of Maledictions

   Spells                             Type                      Level
   a - Corona                         Hexes                        1
   b - Ensorcelled Hibernation        Hexes/Ice                    2
   c - Confuse                        Hexes                        3
   d - Tukima's Dance                 Hexes                        3
   e - Dazzling Spray                 Conjuration/Hexes            3
 y - a book of Battle

   Spells                             Type                      Level
   a - Infusion                       Charms                       1
   b - Shroud of Golubria             Charms/Translocation         2
   c - Song of Slaying                Charms                       2
   d - Spectral Weapon                Hexes/Charms                 3
   e - Regeneration                   Charms/Necromancy            3
Comestibles
 f - 4 bread rations
 m - a meat ration
 r - 2 royal jellies
 x - 3 fruits


   Skills:
 + Level 4.9 Fighting
 + Level 4.8 Short Blades
 + Level 5.5 Dodging
 + Level 9.5 Stealth
 * Level 1.2 Invocations
 + Level 6.3 Evocations


You had 8 spell levels left.
You didn't know any spells.

Dungeon Overview and Level Annotations

Branches:
Dungeon (8/15)             Temple (1/1) D:7
   Lair: D:8-11

Altars:
Cheibriados
Dithmenos
Fedhas
Gozag
Hepliaklqana
Kikubaaqudgha
Nemelex Xobeh
Okawaru
Qazlal
Ru
Sif Muna
Trog
Uskayaw
Vehumet
Xom
Yredelemnul
Zin
The Shining One

Shops:
D:4 (


Innate Abilities, Weirdness & Mutations

You cannot wear most types of armour.
You are very stealthy in the water. (Stealth+)
You are amphibious.
You can wear up to eight rings at the same time.
You can use your tentacles to constrict eight enemies at once.
Your skin changes colour to match your surroundings (Stealth+).
Your rubbery body absorbs attacks. (AC +1, EV +1)


Message History

i - a scroll of magic mapping You are feeling hungry.
You now have 171 gold pieces (gained 16).
Okay, then.
A two-headed ogre comes into view.
It is wielding a dire flail and a giant club.
The two-headed ogre shouts in stereo!
You hit the two-headed ogre.
The two-headed ogre is poisoned.
The two-headed ogre is lightly wounded.
The two-headed ogre hits you with a dire flail!!
The two-headed ogre hits you with a giant club!
Evoke which item? (* to show all) (? for menu, Esc to quit)
Aiming: Disintegrate
Press: ? - help, Shift-Dir - straight line, f - two-headed ogre
Aim: a two-headed ogre, wielding a dire flail and a giant club (lightly wounded, poisoned, chance to defeat MR: 73%)
The two-headed ogre is blasted.
This wand has 5 charges left.
The two-headed ogre hits you with a dire flail!!
* * * LOW HITPOINT WARNING * * *
The two-headed ogre hits you with a giant club!!
You die...
Your body disappears without a glow.

.# #...# ...#
...# .###### ..#
....... ..#
###...##.######.
...#.O@........
#...##.######
#.####.###.#
#..........#
######.#### #.#
#.# #.# ###.#


You could see a two-headed ogre.

Vanquished Creatures
  A troll (D:7)
  Menkaure (D:4)
  A water moccasin (D:7)
  An orc warrior (D:6)
  2 phantoms
  An ogre (D:5)
  A big kobold (Sewer)
  3 bullfrogs
  A wyvern skeleton (D:5)
  2 scorpions
  5 killer bees (D:8)
  A howler monkey (D:7)
  A quasit (D:7)
  3 hounds
  A bullfrog skeleton (D:5)
  4 orc wizards
  Natasha (twice) (D:4)
  4 worker ants
  A hound zombie (D:7)
  2 hound skeletons
  6 gnolls
  5 adders
  A river rat (Sewer)
  2 dart slugs
  5 worms
  A leopard gecko (D:3)
  15 orcs
  A ball python (D:4)
  7 bats
  9 giant cockroaches
  4 goblins
  8 hobgoblins
  22 jackals
  6 kobolds
  A quokka (D:4)
  7 frilled lizards
  A jackal skeleton (D:6)
  A leopard gecko skeleton (D:5)
  A quokka zombie (D:5)
  17 rats
158 creatures vanquished.

Vanquished Creatures (others)
  2 orc wizards
  An orc (D:4)
3 creatures vanquished.

Grand Total: 161 creatures vanquished

Notes
Turn   | Place    | Note
-------+----------+-------------------------------------------
     0 | D:1      | NullDivider the Octopode Artificer began the quest for the Orb.
     0 | D:1      | Reached XP level 1. HP: 13/13 MP: 3/3
   304 | D:1      | Reached skill level 2 in Stealth
   320 | D:1      | Reached XP level 2. HP: 18/18 MP: 4/4
  1180 | D:1      | Reached XP level 3. HP: 23/23 MP: 5/5
  1261 | D:1      | Reached skill level 3 in Stealth
  1412 | D:2      | Found a basalt altar of Yredelemnul.
  2037 | D:3      | You fall through a shaft!
  2113 | D:3      | Found a glowing drain.
  2487 | Sewer    | Entered a sewer
  2512 | Sewer    | Reached XP level 4. HP: 15/28 MP: 6/6
  2720 | Sewer    | Noticed a big kobold
  2737 | Sewer    | Killed a big kobold
  2737 | Sewer    | Reached skill level 4 in Stealth
  2737 | Sewer    | Reached XP level 5. HP: 19/34 MP: 7/7
  2887 | Sewer    | Found a glowing silver altar of Zin.
  3413 | D:3      | Found a deep blue altar of Sif Muna.
  4095 | D:3      | Reached skill level 5 in Stealth
  4100 | D:3      | Reached XP level 6. HP: 33/41 MP: 9/9
  4777 | D:4      | Found Fogol's Antique Weapon Shoppe.
  4812 | D:4      | Noticed a phantom
  4820 | D:4      | Killed a phantom
  5380 | D:4      | Noticed Natasha
  5387 | D:4      | Killed Natasha
  5387 | D:4      | Reached XP level 7. HP: 46/46 MP: 10/10
  5415 | D:4      | Noticed Menkaure
  5422 | D:4      | Killed Menkaure
  5422 | D:4      | Reached skill level 6 in Stealth
  5950 | D:4      | Noticed Natasha
  5956 | D:4      | Killed Natasha
  6058 | D:5      | Entered Level 5 of the Dungeon
  6167 | D:5      | Reached skill level 7 in Stealth
  6201 | D:5      | Found a glowing golden altar of the Shining One.
  6227 | D:5      | Reached skill level 5 in Evocations
  6671 | D:5      | Reached XP level 8. HP: 52/52 MP: 11/11
  7080 | D:5      | Found a stormy altar of Qazlal.
  7723 | D:6      | Reached skill level 8 in Stealth
  8057 | D:6      | Found a hazy altar of Hepliaklqana.
  9134 | D:7      | Found an iron altar of Okawaru.
  9184 | D:7      | Reached skill level 9 in Stealth
  9225 | D:7      | Reached skill level 5 in Dodging
  9451 | D:7      | Found a sacrificial altar of Ru.
  9510 | D:7      | Reached XP level 9. HP: 54/59 MP: 13/13
  9511 | D:7      | Found a staircase to the Ecumenical Temple.
  9529 | Temple   | Entered the Ecumenical Temple
  9673 | D:7      | Noticed a troll
  9676 | D:7      | Killed a troll
  9702 | D:7      | Found a sparkling altar of Nemelex Xobeh.
  9703 | D:7      | Found an opulent altar of Gozag.
  9772 | D:7      | Became a worshipper of Nemelex Xobeh the Trickster
  9856 | D:8      | Reached skill level 1 in Invocations
 10115 | D:8      | Noticed a two-headed ogre
 10126 | D:8      | Demolished by a two-headed ogre

Skill      XL: |  1  2  3  4  5  6  7  8  9 |
---------------+----------------------------+-----
Stealth        | 2 3 4 5 7 9 |  9.5
Short Blades   | 2 3 4 |  4.8
Fighting       | 2 3 4 |  4.9
Evocations     | 4 5 6 |  6.3
Dodging        | 3 4 5 |  5.5
Invocations    | 1 |  1.2

Action                   |  1- 3 |  4- 6 |  7- 9 || total
-------------------------+-------+-------+-------++-------
Melee: Short sword       |    25 |       |       ||    25
       Constrict         |    26 |    36 |    32 ||    94
       Tentacles         |    13 |    37 |    28 ||    78
       Dagger            |    79 |   137 |   158 ||   374
Evoke: Wand              |       |    10 |    12 ||    22
  Use: Scroll            |     1 |     6 |     4 ||    11
       Potion            |       |       |     1 ||     1
 Stab: Sleeping          |    13 |    10 |    14 ||    37
       Distracted        |       |       |     1 ||     1
  Eat: Chunk             |     4 |    10 |    14 ||    28
Armor: Skin              |     5 |    11 |     6 ||    22
Dodge: Dodged            |    55 |    76 |    75 ||   206
